 Dungeon Crawl Stone Soup version 0.18.1-5-g4a78601 (webtiles) character file.

205 Mefis the Magician (level 5, -3/28 HPs)
             Began as a Deep Elf Wizard on May 13, 2016.
             Slain by a worker ant (7 damage)
             ... on level 3 of the Dungeon.
             The game lasted 00:07:42 (3668 turns).

Mefis the Magician (Deep Elf Wizard)                Turns: 3668, Time: 00:07:43

Health: -3/28      AC:  4    Str:  4    XL:     5   Next: 53%
Magic:  10/14      EV: 15    Int: 24    God:
Gold:   113        SH:  0    Dex: 13    Spells: 6 memorised, 1 level left

rFire  . . .     SeeInvis .     i - +0 short sword
rCold  . . .     Gourm    .     a - +0 robe
rNeg   . . .     Faith    .     (no shield)
rPois  .         Spirit   .     u - +0 helmet
rElec  .         Dismiss  .     (no cloak)
rCorr  .         Reflect  .     m - +0 pair of gloves
SustAt .         Harm     .     (no boots)
MR     .....                    (no amulet)
Stlth  ++........               (no ring)
                                q - +2 ring of evasion

@: repel missiles, not resistant to hostile enchantments, unstealthy
A: no striking features
a: no special abilities


You were on level 3 of the Dungeon.
You were not hungry.

You visited 1 branch of the dungeon, and saw 4 of its levels.

You collected 113 gold pieces.

Inventory:

Hand Weapons
 i - a +0 short sword (weapon)
 s - a +0 hunting sling
 t - a +3 spear
 w - a +0 shortbow
Missiles
 h - 30 sling bullets
 l - 17 arrows
 A - 4 javelins (quivered)
Armour
 a - a +0 robe (worn)
 b - a +0 hat
 m - a +0 pair of gloves (worn)
 u - a +0 helmet (worn)
Jewellery
 p - an uncursed ring of magical power {unknown}
 q - a +2 ring of evasion (left hand)
 z - an uncursed amulet of regeneration {unknown}
Scrolls
 e - 2 scrolls of enchant armour {unknown}
 f - 7 scrolls of remove curse {unknown}
 g - 4 scrolls of identify {unknown}
 n - a scroll of blinking {unknown}
 o - 2 scrolls of teleportation {unknown}
 v - a scroll of fear {unknown}
 y - a scroll of amnesia {unknown}
Potions
 x - a potion of heal wounds {unknown}
 B - a potion of flight {unknown}
Books
 c - a book of Minor Magic

   Spells                             Type                      Level
   a - Magic Dart                     Conjuration                  1
   b - Blink                          Translocation                2
   c - Call Imp                       Summoning                    2
   d - Repel Missiles                 Charms/Air                   2
   e - Slow                           Hexes                        2
   f - Conjure Flame                  Conjuration/Fire             3
   g - Mephitic Cloud                 Conjuration/Poison/Air       3
Comestibles
 d - 2 bread rations
 k - 2 slices of pizza
 r - a fruit
 C - a chunk of flesh


   Skills:
 + Level 3.4 Dodging
 + Level 3.5 Stealth
 + Level 5.2 Spellcasting
 * Level 3.3 Conjurations
 + Level 2.5 Summonings
 - Level 1.1 Translocations
 + Level 0.0 Fire Magic
 + Level 1.5 Poison Magic


You had one spell level left.
You knew the following spells:

 Your Spells              Type           Power        Failure   Level  Hunger
a - Magic Dart            Conj           ###.         1%          1    None
b - Call Imp              Summ           ###.....     6%          2    None
c - Blink                 Tloc           N/A          12%         2    None
d - Repel Missiles        Chrm/Air       #.....       14%         2    None
e - Mephitic Cloud        Conj/Pois/Air  ##......     17%         3    ##.....
f - Conjure Flame         Conj/Fire      ##......     17%         3    ##.....


Dungeon Overview and Level Annotations

Branches:
Dungeon (4/15)
 Temple: D:4-7

Altars:

Annotations:
D:1 fly to items
D:2 tree block


Message History

The ogre shouts!
The worker ant bites you.
You are more poisoned.
The worker ant poisons you!
You feel sick. The worker ant bites you.
* * * LOW HITPOINT WARNING * * *
You climb upwards.
* * * LOW HITPOINT WARNING * * *
You feel sick.
There is a stone staircase leading down here.
Casting: Magic Dart
Confirm with . or Enter, or press ? or * to list all spells.
You blink.
* * * LOW HITPOINT WARNING * * *
You feel sick.
Drink which item? (? for menu, Esc to quit)
It was a potion of curing.
You feel better. The worker ant bites you!
* * * LOW HITPOINT WARNING * * *
The worker ant bites you!
You die...

#....#.# #.#.# ######....#
#.#) ##(###.###.#.# #....#
#.#.
.........#.#.##########....#
#.#.
.........)...).)......>....#
#.#.
.......#.#.#.##............#
#.#.
####.###.#[#.##............#
#.#.
####'###().................#
#.#.
.......###.#.##............#
#.#. .......#
#.#.)#.@a......#.## #.#.
....†..# #.#.##.#######.#.#
#.## #####'####.#....# #.#.#
#.#
...........############.#.#
#.#
#####.............#.....#.#
#.#
#.####.######.#.##..#.####.##
#..# #.######.#.##...........
#..# #........#.##.##.#....##
#..# #........#.##.##.#.#####


You could see a worker ant.

Vanquished Creatures
  A centaur (D:3)
  Robin (D:3)
  4 adders
  A worm (D:3)
  2 dart slugs
  5 giant geckos
  3 orcs (D:3)
  4 giant cockroaches
  13 goblins
  10 hobgoblins
  2 jackals (D:1)
  2 quokkas (D:3)
  2 ball pythons
  4 bats
  2 giant newts (D:1)
  8 kobolds
  7 rats
71 creatures vanquished.

Vanquished Creatures (collateral kills)
  A giant cockroach (D:3)
  3 goblins (D:3)
  A hobgoblin (D:3)
5 creatures vanquished.

Grand Total: 76 creatures vanquished

Notes
Turn   | Place    | Note
--------------------------------------------------------------
     0 | D:1      | Mefis the Deep Elf Wizard began the quest for the Orb.
     0 | D:1      | Reached XP level 1. HP: 10/10 MP: 7/7
   502 | D:1      | Reached XP level 2. HP: 15/15 MP: 2/9
   509 | D:1      | Learned a level 2 spell: Call Imp
   512 | D:1      | Learned a level 2 spell: Blink
   515 | D:1      | Learned a level 2 spell: Repel Missiles
  1580 | D:2      | Reached XP level 3. HP: 19/19 MP: 6/11
  1587 | D:2      | Learned a level 3 spell: Mephitic Cloud
  1592 | D:2      | Reached skill level 5 in Spellcasting
  1862 | D:2      | Reached XP level 4. HP: 24/24 MP: 11/13
  2368 | D:3      | Noticed Robin
  2409 | D:3      | Killed Robin
  2623 | D:3      | Noticed a centaur
  2637 | D:3      | Killed a centaur
  2637 | D:3      | Reached skill level 1 in Poison Magic
  2637 | D:3      | Reached XP level 5. HP: 28/28 MP: 0/14
  2642 | D:3      | Learned a level 3 spell: Conjure Flame
  3657 | D:4      | Noticed an ogre
  3668 | D:3      | Slain by a worker ant

Skill      XL: |  1  2  3  4 |
---------------+-------------+-----
Conjurations   | 2 3 |  3.3
Spellcasting   | 5 |  5.2
Stealth        | 3 |  3.5
Dodging        | 3 |  3.4
Summonings     | 2 |  2.5
Poison Magic   | 1 |  1.5
Translocations | |  1.1

Action                   |  1- 3 |  4- 6 || total
-------------------------+-------+-------++-------
Melee: Short sword       |     9 |    12 ||    21
 Cast: Magic Dart        |    79 |    85 ||   164
       Repel Missiles    |     1 |       ||     1
       Call Imp          |       |     3 ||     3
       Blink             |       |     2 ||     2
       Mephitic Cloud    |       |     1 ||     1
  Use: Potion            |       |     1 ||     1
 Stab: Sleeping          |     2 |       ||     2
  Eat: Chunk             |     3 |     5 ||     8
Armor: Robe              |     7 |     3 ||    10
Dodge: Dodged            |    13 |    24 ||    37
